 Dungeon Crawl Stone Soup version 0.21.1-1-g345015f (webtiles) character file.

30 glosham the Skirmisher (level 3, -6/31 HPs)
             Began as a Hill Orc Artificer on Apr 27, 2018.
             Killed by divine providence
             ... invoked by an orc priest
              (14 damage)
             ... on level 2 of the Dungeon.
             The game lasted 00:09:15 (533 turns).

glosham the Skirmisher (Hill Orc Artificer)          Turns: 533, Time: 00:09:15

Health: -6/31      AC:  9    Str: 15    XL:     3   Next: 20%
Magic:  5/5        EV:  6    Int: 11    God:
Gold:   60         SH:  0    Dex: 11    Spells: 2/2 levels left

rFire    . . .     SeeInvis .   a - +0 mace
rCold    . . .     Gourm    .   (no shield)
rNeg     . . .     Faith    .   h - +0 chain mail
rPois    .         Spirit   .   o - +0 helmet
rElec    .         Reflect  .   (no cloak)
rCorr    .         Harm     .   (no gloves)
MR       .....                  (no boots)
Stlth    ..........             (no amulet)
HPRegen  0.10/turn              (no ring)
MPRegen  0.09/turn              (no ring)

@: no status effects
A: no striking features
a: Convert to Beogh


You were on level 2 of the Dungeon.
You were not hungry.

You visited 1 branch of the dungeon, and saw 3 of its levels.

You collected 60 gold pieces.

Inventory:

Hand Weapons
 a - a +0 mace (weapon)
 b - a +0 short sword
 l - a +0 spear
Missiles
 g - 21 stones (quivered)
 m - 3 tomahawks
 n - 39 bolts
 p - 7 needles of confusion
Armour
 h - a +0 chain mail (worn)
 k - a +0 leather armour
 o - a +0 helmet (worn)
Wands
 c - a wand of flame (15)
 d - a wand of enslavement (12)
 e - a wand of random effects (10)
Scrolls
 j - a scroll of teleportation
Potions
 i - a potion of invisibility
 q - a potion of flight {unknown}
 r - a potion of brilliance {unknown}
Comestibles
 f - 3 rations


   Skills:
 * Level 3.1 Fighting
 - Level 1.0 Short Blades
 + Level 1.5 Armour
 - Level 1.5 Dodging
 - Level 0.7 Stealth
 - Level 3.0 Evocations


You had 2 spell levels left.
You didn't know any spells.

Dungeon Overview and Level Annotations

Branches:
Dungeon (3/15)

Altars:


Message History

You closely miss the orc.
The orc is severely wounded.
The orc hits you but does no damage.
You hit the orc.
You kill the orc!
You climb downwards.
The orc priest hits you but does no damage.
There is a stone staircase leading up here.
The orc hits you with a club. The orc priest barely misses you.
You climb upwards.
There is a stone staircase leading down here.
Evoke which item? (* to show all) (? for menu, Esc to quit)
Aiming: Random Effects
Press: ? - help, Shift-Dir - straight line, f - orc priest
Aim: an orc priest, wielding a dagger The orc priest twists and deforms.
The orc priest shouts, "Join the one true god or die!"
The orc hits you but does no damage.
The orc priest calls down the wrath of Beogh upon you.
Beogh smites you!
* * * LOW HITPOINT WARNING * * *
Evoke which item? (* to show all) (? for menu, Esc to quit)
Aiming: Random Effects
Press: ? - help, Shift-Dir - straight line, f/p - orc priest
Aim: an orc priest, wielding a dagger (misshapen and mutated)
The puff of frost hits the orc priest.
The orc priest is heavily wounded.
The orc priest threatens, "By the altar or by the axe, you will meet Beogh!"
The orc hits you but does no damage.
The orc priest hits you but does no damage.
Evoke which item? (* to show all) (? for menu, Esc to quit)
Aiming: Random Effects
Press: ? - help, Shift-Dir - straight line, f/p - orc priest
Aim: an orc priest, wielding a dagger (heavily wounded, misshapen and mutated)
The puff of flame hits the orc priest.
The orc priest is almost dead.
The orc priest threatens, "By the altar or by the axe, you will meet Beogh!"
The orc priest mumbles some strange prayers to Beogh against you.
Beogh smites you!
You die...

### #.. #.#######
#.#.....## ###
#.#...... ..#
#.#..##.####.#
########.#..##....#.###
#..<.o@o.......<.......
#.##.#.#.#.######.#.###
#.....#........#.#
###.############.# ....
#.# ###.# #.# #.# #.#
#.# #.# ..#


You could see an orc priest and an orc.

Vanquished Creatures
  2 dart slugs (D:1)
  A leopard gecko (D:1)
  2 orcs (D:2)
  A goblin (D:1)
  2 hobgoblins (D:1)
  A ball python (D:1)
  4 bats
  5 kobolds (D:1)
  4 rats (D:1)
22 creatures vanquished.

Vanquished Creatures (collateral kills)
  A leopard gecko (D:3)
  2 orcs (D:3)
  A bat (D:3)
4 creatures vanquished.

Vanquished Creatures (others)
  An orc (D:3)
1 creature vanquished.

Grand Total: 27 creatures vanquished

Notes
Turn   | Place    | Note
-------+----------+-------------------------------------------
     0 | D:1      | glosham the Hill Orc Artificer began the quest for the Orb.
     0 | D:1      | Reached XP level 1. HP: 16/16 MP: 3/3
    47 | D:1      | Reached skill level 2 in Fighting
    71 | D:1      | Reached XP level 2. HP: 22/25 MP: 4/4
   232 | D:1      | Reached skill level 1 in Armour
   503 | D:3      | Reached XP level 3. HP: 18/30 MP: 5/5
   505 | D:3      | Reached skill level 3 in Fighting
   533 | D:2      | Killed from afar by an orc priest

Skill      XL: |  1  2  3 |
---------------+----------+-----
Fighting       | 2 3 |  3.1
Armour         | 1 |  1.5
Short Blades   | |  1.0
Dodging        | |  1.5
Stealth        | |  0.7
Evocations     | |  3.0

Action                   || total
-------------------------++-------
Melee: Short sword       ||    52
       Mace              ||    20
Evoke: Wand              ||     8
  Use: Scroll            ||     4
Armor: Leather armour    ||    11
       Chain mail        ||    55
Dodge: Dodged            ||    50

Table legend:
 A = Turns spent in this place as a percentage of turns spent in the entire game.
 B = Non-inter-level travel turns spent in this place as a percentage of non-inter-level travel turns spent in the entire game.
 C = Inter-level travel turns spent in this place as a percentage of turns spent in this place.
 D = Turns resting spent in this place as a percentage of non-inter-level travel turns spent in this place.
 E = Turns spent auto-exploring this place as a percentage of non-inter-level travel turns spent in this place.
 F = Non-inter-level travel turns spent in this place divided by the number of levels of this place that you've seen.
                   A       B       C       D       E      F
               +-------+-------+-------+-------+-------+----------------------
         Total | 100.0 | 100.0 |   3.2 |   3.5 |   0.0 | 172.0
       Dungeon | 100.0 | 100.0 |   3.2 |   3.5 |   0.0 | 172.0
               +-------+-------+-------+-------+-------+----------------------

Table legend:
 A = Kills in this place as a percentage of kills in entire the game.
 B = Kills by you in this place as a percentage of kills by you in the entire game.
 C = Kills by friends in this place as a percentage of kills by friends in the entire game.
 D = Other kills in this place as a percentage of other kills in the entire game.
 E = Experience gained in this place as a percentage of experience gained in the entire game.
 F = Experience gained in this place divided by the number of levels of this place that you have seen.
                   A       B       C       D       E      F
               +-------+-------+-------+-------+-------+----------------------
         Total | 100.0 | 100.0 | 100.0 |   N/A | 100.0 |  14.7
       Dungeon | 100.0 | 100.0 | 100.0 |   N/A | 100.0 |  14.7
               +-------+-------+-------+-------+-------+----------------------

Vault maps used:
D:1:      zelgadis_glass_arrival_small
D:2:      nicolae_gozag_cash_rules_everything_around_me
D:3:      minmay_goblin_kobold_castle, serial_glass, glass_columns_c,
          glass_columns_b, glass_columns_b, glass_columns_a, glass_columns_a,
          glass_columns_b, glass_columns_b, glass_columns_a, hex_intersection,
          kennysheep_nondescript, uniq_terence
